 Dungeon Crawl Stone Soup version 0.27.0-1-g7a089689b8 (webtiles) character file.

Game seed: 13378922923518484923

11211 Sobieck the Brawler (level 11, -4/96 HPs)
             Began as a Troll Monk on Aug 5, 2021.
             Was an Initiate of Gozag.
             Slain by a slime creature (8 damage)
             ... on level 12 of the Dungeon.
             The game lasted 00:21:32 (9203 turns).

Sobieck the Brawler (Troll Monk)                    Turns: 9203, Time: 00:21:32

Health: -4/96      AC:  6    Str: 24    XL:     11   Next: 46%
Magic:  10/10      EV: 17    Int:  6    God:    Gozag
Gold:   1175       SH:  0    Dex: 12    Spells: 10/10 levels left

rFire    + . .     SeeInvis .     - Unarmed
rCold    + + .     Faith    .   (no shield)
rNeg     . . .     Spirit   .   K - +1 robe {rC+ rF+}
rPois    .         Reflect  .   M - +0 hat
rElec    .         Harm     .   C - +0 cloak
rCorr    .         Rampage  .   (gloves unavailable)
Will     .....                  (boots unavailable)
Stlth    ++........             o - amulet of the acrobat
HPRegen  1.26/turn              i - +4 ring of evasion
MPRegen  0.12/turn              J - ring of protection from cold

@: gold aura, studying 2 skills
A: large, unfitting armour, claws 3, regeneration 1, shaggy fur 1, tough skin 1
a: Renounce Religion, Potion Petition, Call Merchant, Bribe Branch


You were on level 12 of the Dungeon.
You worshipped Gozag.
Gozag was most pleased with you.
You visited 1 branch of the dungeon, and saw 12 of its levels.
You also visited: Ossuary.

You collected 1976 gold pieces.
You spent 131 gold pieces at shops.
You paid 670 gold pieces to Gozag.


Innate Abilities, Weirdness & Mutations

You are too large for most types of armour.
You have claws for hands.
Your natural rate of healing is unusually fast.
You are covered in fur. (AC +1)
You have tough skin. (AC +1)


   Skills:
 + Level 2.9 Fighting
 + Level 1.4 Throwing
 + Level 10.2 Dodging
 - Level 1.0 Stealth
 + Level 16.1 Unarmed Combat


You had 10 spell levels left.
You didn't know any spells.
Your spell library contained the following spells:

 Spells                   Type           Power      Damage    Failure   Level
 Freeze                   Ice            0%         1d3       45%         1
 Summon Small Mammal      Summ           0%         N/A       45%         1
 Sublimation of Blood     Necr           0%         N/A       58%         2
 Wereblood                Tmut           0%         N/A       58%         2
 Call Canine Familiar     Summ           0%         N/A       83%         3
 Dazzling Flash           Conj/Hex       0%         N/A       83%         3
 Frozen Ramparts          Ice            0%         1d2       83%         3
 Ozocubu's Armour         Ice            0%         N/A       83%         3
 Portal Projectile        Hex/Tloc       0%         N/A       83%         3
 Summon Guardian Golem    Hex/Summ       0%         N/A       83%         3
 Tukima's Dance           Hex            0%         N/A       83%         3
 Hailstorm                Conj/Ice       0%         3d3       99%         4
 Passage of Golubria      Tloc           N/A        N/A       99%         4
 Agony                    Necr           0%         N/A       100%        5
 Blade Hands              Tmut           0%         N/A       100%        5
 Excruciating Wounds      Necr           0%         N/A       100%        5
 Silence                  Hex/Air        0%         N/A       100%        5
 Yara's Violent Unravell  Hex/Tmut       0%         3d3       100%        5
 Ozocubu's Refrigeration  Ice            0%         4d5       100%        7
 Summon Hydra             Summ           0%         N/A       100%        7

Inventory:

Hand Weapons
 b - a +1 hunting sling {sling}
   (You found it on level 2 of the Dungeon)
 H - a +0 morningstar {mace}
   (You took it off an orc on level 5 of the Dungeon)
Missiles
 c - 234 stones (quivered) {throwing}
 d - a throwing net {=f!fthrowing}
 f - 40 poisoned darts {throwing}
 h - 185 arrows
 l - 43 sling bullets
 m - 129 bolts
 r - 2 boomerangs of dispersal {=f!fthrowing}
 E - 19 boomerangs {throwing}
 P - 4 large rocks {=fthrowing}
Armour
 a - a +0 robe
 C - a +0 cloak (worn)
   (You took it off Maurice on level 8 of the Dungeon)
 K - a +1 robe of resistance (worn)
   (You took it off an orc wizard on level 9 of the Dungeon)
 M - a +0 hat (worn)
   (You found it on level 10 of the Dungeon)
Jewellery
 i - a +4 ring of evasion (left claw)
   (You found it on level 1 of the Dungeon)
 o - an amulet of the acrobat (around neck)
   (You found it on level 2 of the Dungeon)
 s - a ring of positive energy
   (You found it on level 3 of the Dungeon)
 J - a ring of protection from cold (right claw)
   (You found it on level 8 of the Dungeon)
Wands
 B - a wand of flame (42)
   (You found it on level 6 of the Dungeon)
 F - a wand of acid (11)
   (You found it on level 7 of the Dungeon)
 G - a wand of iceblast (10)
   (You took it off Maurice on level 8 of the Dungeon)
 Q - a wand of paralysis (9)
   (You found it on level 11 of the Dungeon)
Scrolls
 k - 2 scrolls of enchant weapon
 n - 4 scrolls of teleportation {@r4}
 t - 2 scrolls of fear {unknown}
 A - 3 scrolls of magic mapping {!r}
 I - a scroll of brand weapon {unknown}
 N - a scroll of identify {@r1}
Potions
 e - 2 potions of lignification {!q}
 g - 3 potions of attraction {!q}
 j - 2 potions of haste {@q3}
 p - a potion of ambrosia
 q - 5 potions of curing {@q1}
 u - 7 potions of heal wounds {@q2}
 v - a potion of mutation {!q}
 w - 2 potions of invisibility
 x - 3 potions of flight
 z - 3 potions of might
 D - a potion of brilliance
 L - a potion of cancellation
 O - a potion of berserk rage {unknown}

Dungeon Overview and Level Annotations

Branches:
Dungeon (12/15)            Temple (0/1) D:7            Lair (0/6) D:11
Ossuary (visited)
    Orc: D:9-12

Altars:
Ashenzari
Cheibriados
Dithmenos
Fedhas
Gozag
Ru
Uskayaw
Vehumet
The Shining One

Shops:
D:2 !   D:10 *[

Annotations:
D:11 exclusion: ice statue

... ... #######.#
#.....#.# $ $
#.J.J.#.# .....#.#
$
♣..J.#.###########.
♣'####..zz.J.o....^
♣.........J@.......
♣.........DJJ......
♣.......zozo..#####
♣.........o...#
♣#######......#
#......# #...>..#
#...[..# ......+


You could see 4 slime creatures, 4 friendly skeletal warriors, a friendly acid
dragon (summoned), a friendly orc priest (summoned, wandering), 2 friendly orc
wizards and a friendly orc (summoned, wandering).


Message History

You enter the shallow water.
Moving in this stuff is going to be slow.
You enter the shallow water.
Moving in this stuff is going to be slow.
You enter the shallow water.
Moving in this stuff is going to be slow.
You enter the shallow water.
Moving in this stuff is going to be slow.
You open the door.
There is an open door here.
There is an open door here.
You enter the shallow water.
Moving in this stuff is going to be slow.
You open the door.
There is an open door here.
There is a stone staircase leading up here.
You open the door.
There is an open door here.
You open the door.
There is an open door here.
You open the door.
There is a stone staircase leading down here.
You see here a +0 shortbow {bow}.
An ice statue comes into view.
Marking area around an ice statue as unsafe for travelling.
Danger!
Unknown command.
Unknown command.
Partly explored, can't reach some places.
Partly explored, can't reach some places.
(D) Dungeon (T) Temple (L) Lair
Where to? (Enter - D:11, ? - help)
There is a large open door here.
There is a stone staircase leading down here.
You climb downwards.
Found a leather armour.
Found a stone staircase leading down.
There is a stone staircase leading up here.
You open the door. 2 slime creatures come into view.
Danger! 4 slime creatures come into view.
The slime creature quivers. x2
Two slime creatures merge to form a large slime creature.
There is an open door here.
The slime creature quivers.
Two slime creatures merge to form a very large slime creature.
Two slime creatures merge to form an enormous slime creature.
There is a stone staircase leading up here.
You climb upwards.
Level annotation: exclusion: ice statue
There is a stone staircase leading down here.
You start waiting.
Done waiting.
You climb downwards.
The slime creature hits you but does no damage.
An enormous slime creature splits.
The slime creature closely misses you.
There is a stone staircase leading up here.
Danger!
You scratch the large slime creature.
A large slime creature splits.
Unknown command.
A large slime creature splits.
The slime creature hits you. x2
The slime creature barely misses you.
You climb upwards.
Level annotation: exclusion: ice statue
There is a stone staircase leading down here.
Unknown command.
You mangle the slime creature!! The slime creature hits you.
The slime creature closely misses you. The slime creature barely misses you.
You claw the slime creature! The slime creature hits you!
The slime creature hits you. The slime creature hits you!
The slime creature closely misses you.
You are too injured to fight recklessly!
You are too injured to fight recklessly!
You are too injured to fight recklessly!
You are too injured to fight recklessly!
You barely miss the slime creature. The slime creature hits you!
* * * LOW HITPOINT WARNING * * *
The slime creature hits you.
* * * LOW HITPOINT WARNING * * *
The slime creature misses you.
You mangle the slime creature!!
You kill the slime creature!
The slime creature barely misses you. The slime creature hits you!
* * * LOW HITPOINT WARNING * * *
Unknown command.
The slime creature hits you.
* * * LOW HITPOINT WARNING * * *
The slime creature hits you!
* * * LOW HITPOINT WARNING * * *
The slime creature completely misses you.
The slime creature hits you!!
* * * LOW HITPOINT WARNING * * *
You climb downwards.
There is a stone staircase leading up here.
Unknown command.
As you read the scroll of summoning, it crumbles to dust.
Wisps of shadow whirl around you... The slime creature closely misses you.
The slime creature misses you. The slime creature hits you!
You die...
Your body crumbles into a pile of gold.

Skill      XL: |  1  2  3  4  5  6  7  8  9 10 11 |
---------------+----------------------------------+-----
Unarmed Combat | 4 5 6 8 9 11 13 14 16 | 16.1
Dodging        | 7 9 10 | 10.2
Throwing       | 1 |  1.4
Fighting       | |  2.9
Stealth        | |  1.0

Action                   |  1- 3 |  4- 6 |  7- 9 | 10-12 || total
-------------------------+-------+-------+-------+-------++-------
Melee: Unarmed           |    79 |    95 |   400 |   297 ||   871
       Punch             |       |     2 |    19 |    11 ||    32
 Fire: Hunting sling     |       |    30 |       |       ||    30
Throw: Stone             |       |       |     2 |     2 ||     4
Invok: Call Merchant     |       |       |       |     1 ||     1
  Use: Scroll            |       |       |    20 |     4 ||    24
 Stab: Sleeping          |     6 |       |     3 |     3 ||    12
       Distracted        |       |       |     1 |     2 ||     3
Armor: Robe              |    25 |    20 |    53 |    38 ||   136
Dodge: Dodged            |    58 |    69 |   272 |   285 ||   684

Levels and vault maps discovered:
D:1:      minmay_arrival_nine_rooms, layout_basic
D:2:      layout_rooms, serial_shops, shop, uniq_natasha
D:3:      layout_basic, mainiacjoe_overflow_tiny_flanked,
          shapermc_ecumenical_altar_mp_urbaneastern, serial_bayou_pond_c,
          chequers_serial_rivers_micro_d
D:4:      layout_cave_pools, chequers_temple_overflow_statue_of_worship,
          slow_altar_1, lightli_ossuary_entry_decrepit_ruins,
          hangedman_abyss_or_decor_lesser_grid
D:5:      layout_gridville, chequers_serial_rivers_small_a
D:6:      kennysheep_spiral_hall, layout_basic, nicolae_uskayaw_dance_studio
D:7:      layout_layer_cave, nicolae_overflow_hidden_temple,
          minmay_temple_entry_slanted, glass_columns_a
D:8:      layout_basic, grunt_dithmenos_shadows, uniq_maurice, uniq_grum
D:9:      layout_cave_pools
D:10:     layout_cave_pools, nicolae_elemental_shop
D:11:     lemuel_ice_statue, layout_irregular_city,
          grunt_lair_entry_orc_guard_hut, serial_rivers,
          chequers_serial_rivers_micro_b, chequers_serial_rivers_micro_d,
          chequers_serial_rivers_small_a, chequers_serial_rivers_micro_d,
          chequers_serial_rivers_small_b, chequers_serial_rivers_micro_d
D:12:     layout_irregular_city, erik_orc_3, ebering_ghost_funeral_grove

Notes
Turn   | Place    | Note
-------+----------+-------------------------------------------
     0 | D:1      | Sobieck the Troll Monk began the quest for the Orb.
     0 | D:1      | Reached XP level 1. HP: 22/22 MP: 0/0
   120 | D:1      | Reached XP level 2. HP: 29/29 MP: 1/1
   132 | D:1      | You add the spells Tukima's Dance, Passage of Golubria and
                  | Yara's Violent Unravelling to your library.
   210 | D:1      | Reached skill level 4 in Unarmed Combat
   336 | D:1      | Reached XP level 3. HP: 36/36 MP: 2/2
   361 | D:1      | You pick up a book of Callings and begin reading...
   361 | D:1      | You add the spells Summon Small Mammal, Call Canine
                  | Familiar and Summon Guardian Golem to your library.
   861 | D:2      | Noticed Natasha
   870 | D:2      | Killed Natasha
   874 | D:2      | Reached XP level 4. HP: 44/44 MP: 3/3
   891 | D:2      | Noticed Natasha
   899 | D:2      | Killed Natasha
   900 | D:2      | Reached skill level 5 in Unarmed Combat
   917 | D:2      | You pick up a book of Blood and begin reading...
   917 | D:2      | You add the spells Sublimation of Blood, Wereblood and
                  | Summon Hydra to your library.
  1008 | D:2      | Noticed Natasha
  1017 | D:2      | Killed Natasha
  1037 | D:2      | You pick up a book of Callings and begin reading...
  1066 | D:2      | Found Utsiyfat's Distillery.
  1258 | D:3      | Reached XP level 5. HP: 50/50 MP: 4/4
  1289 | D:3      | Reached skill level 6 in Unarmed Combat
  1295 | D:3      | Found a radiant altar of Vehumet.
  1545 | D:3      | Noticed a black bear
  1553 | D:3      | Killed a black bear
  1554 | D:3      | Reached XP level 6. HP: 57/59 MP: 5/5
  1569 | D:3      | Reached skill level 7 in Unarmed Combat
  1867 | D:3      | Found a faded altar of an unknown god.
  1926 | D:4      | Found a sand-covered staircase.
  1931 | Ossuary  | Entered an ossuary
  2033 | Ossuary  | Reached skill level 8 in Unarmed Combat
  2049 | Ossuary  | Reached XP level 7. HP: 65/66 MP: 6/6
  2093 | Ossuary  | Reached skill level 9 in Unarmed Combat
  2180 | Ossuary  | Reached XP level 8. HP: 69/74 MP: 7/7
  2200 | Ossuary  | Reached skill level 10 in Unarmed Combat
  2298 | D:4      | Found an opulent altar of Gozag.
  2299 | D:4      | Found a broken altar of Ashenzari.
  2299 | D:4      | Found a blossoming altar of Fedhas.
  2370 | D:4      | Became a worshipper of Gozag Ym Sagoz the Greedy
  2692 | D:4      | Found a snail-covered altar of Cheibriados.
  2692 | D:4      | You fall into a shaft and drop 1 floor!
  2692 | D:5      | Entered Level 5 of the Dungeon
  2702 | D:5      | Reached skill level 11 in Unarmed Combat
  3216 | D:5      | Reached XP level 9. HP: 41/80 MP: 8/8
  3226 | D:5      | You pick up a book of the Senses and begin reading...
  3226 | D:5      | You add the spells Dazzling Flash, Agony and Silence to
                  | your library.
  3254 | D:5      | Identified a scroll of acquirement
  3254 | D:5      | Acquired a manual of Dodging
  3306 | D:5      | You pick up a book of Frost and begin reading...
  3306 | D:5      | You add the spells Freeze, Frozen Ramparts and Hailstorm to
                  | your library.
  3315 | D:5      | Reached skill level 12 in Unarmed Combat
  3358 | D:5      | Reached skill level 3 in Dodging
  3446 | D:5      | You add the spells Ozocubu's Armour and Ozocubu's
                  | Refrigeration to your library.
  3716 | D:5      | Reached skill level 4 in Dodging
  4043 | D:6      | Reached skill level 5 in Dodging
  4068 | D:6      | You pick up a book of Weapons and begin reading...
  4068 | D:6      | You add the spells Portal Projectile, Excruciating Wounds
                  | and Blade Hands to your library.
  4272 | D:6      | Found a hide-covered altar of Uskayaw.
  4284 | D:6      | Reached skill level 6 in Dodging
  4914 | D:7      | Reached skill level 13 in Unarmed Combat
  4916 | D:7      | Found a staircase to the Ecumenical Temple.
  5397 | D:7      | You pick up a book of Callings and begin reading...
  5573 | D:7      | Found a sacrificial altar of Ru.
  5576 | D:7      | Found a glowing golden altar of the Shining One.
  5944 | D:8      | Reached skill level 7 in Dodging
  5944 | D:8      | Reached XP level 10. HP: 88/88 MP: 9/9
  6075 | D:8      | Noticed a two-headed ogre
  6086 | D:8      | Killed a two-headed ogre
  6391 | D:8      | Noticed Maurice
  6403 | D:8      | Killed Maurice
  6463 | D:8      | Found a shadowy altar of Dithmenos.
  6613 | D:8      | Reached skill level 8 in Dodging
  6695 | D:8      | Noticed Grum
  6706 | D:8      | Killed Grum
  6714 | D:8      | Reached skill level 14 in Unarmed Combat
  7395 | D:10     | Entered Level 10 of the Dungeon
  7423 | D:9      | Reached skill level 9 in Dodging
  7632 | D:10     | Found Xylet Kapn's Elemental Accessories.
  7687 | D:10     | Acquired a manual of Unarmed Combat
  7702 | D:10     | Reached XP level 11. HP: 71/94 MP: 10/10
  7844 | D:10     | Reached skill level 15 in Unarmed Combat
  8326 | D:10     | Bought an ichor-stained robe for 131 gold pieces
  8326 | D:10     | Identified the +1 robe of the Equator {rF+} (You bought it
                  | in a shop on level 10 of the Dungeon)
  8535 | D:11     | Noticed a white ugly thing
  8557 | D:11     | Killed a white ugly thing
  8558 | D:11     | Reached skill level 10 in Dodging
  8640 | D:11     | Found a staircase to the Lair.
  8643 | D:11     | Reached skill level 16 in Unarmed Combat
  8765 | D:11     | Reached skill level 1 in Throwing
  9201 | D:11     | HP: 19/96 [slime creature (9)]
  9201 | D:11     | HP: 1/96 [slime creature (18)]
  9203 | D:12     | Slain by a slime creature

Vanquished Creatures
  A two-headed ogre (D:8)
  An ugly thing (D:11)
  Maurice (D:8)
  A cyclops (D:11)
  A komodo dragon (D:11)
  2 trolls (D:10)
  A slime creature (D:11)
  A wraith (D:10)
  A vampire (D:9)
  5 yaks (D:11)
  A wyvern (D:9)
  Grum (D:8)
  4 vampire mosquitoes
  3 water moccasins
  2 acid dragons
  An ice beast (D:7)
  4 black bears
  4 orc warriors
  2 necrophages (D:5)
  2 centaurs
  An ogre (D:4)
  2 phantoms
  4 wolves (D:8)
  A kobold brigand (D:6)
  A wyvern zombie (D:9)
  3 bullfrogs
  A gnoll sergeant (D:9)
  12 scorpions
  A water moccasin skeleton (D:4)
  A wyvern skeleton (D:7)
  16 killer bees
  12 wights
  4 howler monkeys
  2 bullfrog zombies
  10 centaur zombies
  A human zombie (Ossuary)
  2 jellies
  5 hounds
  3 bullfrog skeletons
  A gnoll shaman (D:3)
  An orc priest (D:4)
  An iron imp (D:4)
  6 scorpion zombies (Ossuary)
  Natasha (thrice) (D:2)
  2 iguanas
  11 orc wizards
  A killer bee zombie (D:8)
  3 mummies (Ossuary)
  2 howler monkey zombies (D:6)
  A howler monkey skeleton (D:7)
  8 adders
  12 gnolls
  2 shadow imps
  2 ufetubi
  A worm (D:4)
  3 dart slugs
  38 orcs
  8 bats
  6 endoplasms
  4 giant cockroaches
  5 goblins
  9 hobgoblins
  6 jackals
  12 kobolds
  3 quokkas
  12 ball pythons
  4 frilled lizards
  5 gnoll zombies (Ossuary)
  3 goblin zombies (Ossuary)
  3 hobgoblin zombies (Ossuary)
  2 kobold zombies (Ossuary)
  3 rats
304 creatures vanquished.

Vanquished Creatures (others)
  2 fungi (D:3)
  5 plants
7 creatures vanquished.

Grand Total: 311 creatures vanquished

Table legend:
 A = Non-vault XP
 B = Vault XP
 C = Vault XP percentage of total XP
 D = Non-vault monster count
 E = Vault monster count
 F = Vault count percentage of total count
                 A         B        C        D         E       F
            +---------+---------+-------+---------+---------+-------
      Total |   12428 |    3589 |  22.4 |     243 |      61 |  20.1
            +---------+---------+-------+---------+---------+-------
        D:1 |      53 |       0 |   0.0 |      24 |       0 |   0.0
        D:2 |     106 |      35 |  24.8 |      22 |       1 |   4.3
        D:3 |     314 |       0 |   0.0 |      18 |       0 |   0.0
        D:4 |     634 |      39 |   5.8 |      30 |       1 |   3.2
        D:5 |    1160 |       0 |   0.0 |      32 |       0 |   0.0
        D:6 |     913 |     267 |  22.6 |      21 |      12 |  36.4
        D:7 |     802 |       0 |   0.0 |      18 |       0 |   0.0
        D:8 |    1485 |    1277 |  46.2 |      14 |       7 |  33.3
        D:9 |    1645 |       0 |   0.0 |      24 |       0 |   0.0
       D:10 |    2439 |       0 |   0.0 |      30 |       0 |   0.0
       D:11 |    2877 |     812 |  22.0 |      10 |       5 |  33.3
    Ossuary |       0 |    1159 | 100.0 |       0 |      35 | 100.0
            +---------+---------+-------+---------+---------+-------

Illustrated notes

Table legend:
 A = Kills in this place as a percentage of kills in entire the game.
 B = Kills by you in this place as a percentage of kills by you in the entire game.
 C = Kills by friends in this place as a percentage of kills by friends in the entire game.
 D = Other kills in this place as a percentage of other kills in the entire game.
 E = Experience gained in this place as a percentage of experience gained in the entire game.
 F = Experience gained in this place divided by the number of levels of this place that you have seen.
                   A       B       C       D       E      F
               +-------+-------+-------+-------+-------+----------------------
         Total | 100.0 | 100.0 |   N/A |   N/A | 100.0 | 1232.1
       Dungeon |  88.5 |  88.5 |   N/A |   N/A |  92.8 | 1238.2
       Ossuary |  11.5 |  11.5 |   N/A |   N/A |   7.2 | 1159.0
               +-------+-------+-------+-------+-------+----------------------

Table legend: (Time is in decaauts)
 A = Elapsed time spent in this place.
 B = Non-inter-level travel time spent in this place.
 C = Inter-level travel time spent in this place.
 D = Time resting spent in this place.
 E = Time spent auto-exploring this place.
 F = Levels seen in this place.
 G = Mean time per level.
                   A        B        C        D        E       F      G
               +--------+--------+--------+--------+--------+-----+--------+
         Total |   9056 |   8812 |    244 |    513 |   6150 |  13 |  696.6 |
       Dungeon |   8725 |   8481 |    244 |    509 |   6121 |  12 |  727.1 |
       Ossuary |    330 |    330 |      0 |      4 |     29 |   1 |  330.0 |
               +--------+--------+--------+--------+--------+-----+--------+

Top non-repeatable levels by time:
     D:7: 1244 daAuts
     D:8: 956 daAuts
     D:6: 900 daAuts
     D:1: 852 daAuts
    D:10: 849 daAuts
    D:11: 846 daAuts
     D:3: 758 daAuts
     D:4: 704 daAuts
     D:5: 694 daAuts
     D:9: 532 daAuts
     D:2: 356 daAuts
 Ossuary: 330 daAuts
    D:12: 30 daAuts
